General information
- name: BNet
- type: Ladder team game (AT/RT)
- host: Battle.net
- saver: bannedfromwcr
map: GolemsInTheMist
- players: 8
- length: 28:57
- speed: Fast
- version: 1.26 W3XP
- replay type: Public
» download(130 KB)
Players
team 1 (winner)

»
bannedfromwcr (
orange | 60 APM | 1742 actions | 28:57)
10 Demon Hunter
3 Mana Burn
3 Evasion
1 Metamorphosis
3 Immolation
» actions
| Assign group hotkey | 106 | |
| Basic commands | 94 | |
| Build / train | 82 | |
| ESC pressed | 5 | |
| Enter build submenu | 28 | |
| Enter hero's abilities submenu | 11 | |
| Give item / drop item | 4 | |
| Remove unit from queue | 1 | |
| Right click | 633 | |
| Select / deselect | 288 | |
| Select group hotkey | 372 | |
| Use ability | 118 | |
1742 total
» units
| Wisp | 20 | |
| Goblin Shredder | 1 | |
| Chimaera | 9 | |
| Crypt Fiend | 1 | |
| Dryad | 4 | |
| Troll Headhunter/Berserker | 4 | |
39 total
» upgrades
| Ultravision | 1 | |
| Strength of the Wild | 3 | |
| Reinforced Hides | 3 | |
| Corrosive Breath | 1 | |
| Well Spring | 1 | |
| Nature's Blessing | 1 | |
| Abolish Magic | 1 | |
11 total
» buildings
| Altar of Elders | 1 | |
| Moon Well | 8 | |
| Ancient of Wonders | 1 | |
| Tree of Ages | 1 | |
| Hunter's Hall | 1 | |
| Tree of Life | 4 | |
| Tree of Eternity | 3 | |
| Ancient of Wind | 1 | |
| Chimaera Roost | 4 | |
| Ancient of Lore | 5 | |
| Necropolis | 1 | |
| Stronghold | 1 | |
| Fortress | 3 | |
34 total
» build order
00:08 Altar of Elders
00:12 Moon Well
00:45 Ancient of Wonders
01:09 Moon Well
03:24 Tree of Ages
03:26 Hunter's Hall
04:37 Tree of Life
05:59 Tree of Eternity
06:00 Tree of Eternity
06:00 Tree of Eternity
07:02 Ancient of Wind
08:27 Chimaera Roost
08:27 Chimaera Roost
08:28 Chimaera Roost
08:34 Chimaera Roost
09:08 Moon Well
09:08 Moon Well
09:09 Moon Well
09:09 Moon Well
09:09 Moon Well
09:14 Moon Well
17:52 Tree of Life
20:42 Tree of Life
21:47 Ancient of Lore
21:48 Ancient of Lore
21:48 Ancient of Lore
21:49 Ancient of Lore
21:49 Ancient of Lore
23:04 Necropolis
25:18 Stronghold
26:13 Tree of Life
28:39 Fortress
28:40 Fortress
» items
| Orb of Venom | 1 | |
| Scroll of Town Portal | 6 | |
| Staff of Sanctuary | 2 | |
| Scroll of Regeneration | 1 | |
10 total
RonPaulforPrezz (
green | 13 APM | 331 actions | 24:44)
1 Blademaster
1 Wind Walk
» actions
| Basic commands | 9 | |
| Build / train | 32 | |
| Enter build submenu | 13 | |
| Enter hero's abilities submenu | 1 | |
| Right click | 150 | |
| Select / deselect | 104 | |
| Use ability | 22 | |
331 total
» units
| Peon | 9 | |
| Troll Headhunter/Berserker | 20 | |
29 total
» upgrades
» buildings
| Altar of Storms | 1 | |
| Orc Burrow | 6 | |
| War Mill | 1 | |
| Barracks | 2 | |
| Great Hall | 1 | |
11 total
» build order
00:06 Altar of Storms
00:10 Orc Burrow
01:07 War Mill
01:14 Orc Burrow
02:20 Barracks
03:44 Barracks
10:08 Orc Burrow
10:19 Orc Burrow
12:26 Orc Burrow
12:31 Orc Burrow
17:50 Great Hall

»
skatchcwb (
teal | 25 APM | 498 actions | 20:17)
3 Death Knight
1 Unholy Aura
2 Death Coil
» actions
| Basic commands | 2 | |
| Build / train | 61 | |
| Enter build submenu | 10 | |
| Enter hero's abilities submenu | 4 | |
| Remove unit from queue | 4 | |
| Right click | 237 | |
| Select / deselect | 156 | |
| Use ability | 24 | |
498 total
» units
| Acolyte | 3 | |
| Ghoul | 10 | |
| Crypt Fiend | 22 | |
| Frost Wyrm | 1 | |
36 total
» upgrades
| Unholy Strength | 0 | |
| Unholy Armor | -1 | |
| Creature Carapace | 4 | |
| Creature Attack | 3 | |
| Freezing Breath | 1 | |
7 total
» buildings
| Altar of Darkness | 1 | |
| Crypt | 2 | |
| Ziggurat | 10 | |
| Halls of the Dead | 1 | |
| Graveyard | 1 | |
| Tomb of Relics | 1 | |
| Black Citadel | 1 | |
| Spirit Tower | 5 | |
| Nerubian Tower | 2 | |
| Sacrificial Pit | 1 | |
| Boneyard | 2 | |
27 total
» build order
00:21 Altar of Darkness
00:29 Crypt
00:57 Ziggurat
00:59 Ziggurat
01:03 Ziggurat
01:06 Ziggurat
01:07 Ziggurat
04:43 Halls of the Dead
05:23 Graveyard
05:39 Tomb of Relics
07:10 Black Citadel
07:33 Spirit Tower
07:35 Spirit Tower
08:54 Ziggurat
08:56 Ziggurat
09:06 Ziggurat
09:07 Ziggurat
09:11 Ziggurat
11:54 Spirit Tower
11:55 Spirit Tower
11:57 Nerubian Tower
12:02 Nerubian Tower
12:03 Spirit Tower
13:08 Sacrificial Pit
13:23 Crypt
17:15 Boneyard
17:18 Boneyard
» items

»
BACKSTABBER (
pink | 21 APM | 596 actions | 28:56)
8 Paladin
3 Holy Light
1 Divine Shield
3 Devotion Aura
1 Resurrection
» actions
| Build / train | 65 | |
| ESC pressed | 6 | |
| Enter build submenu | 24 | |
| Enter hero's abilities submenu | 8 | |
| Right click | 238 | |
| Select / deselect | 207 | |
| Use ability | 48 | |
596 total
» units
| Peasant | 22 | |
| Footman | 3 | |
| Knight | 12 | |
| Crypt Fiend | 1 | |
38 total
» upgrades
| Defend | 1 | |
| Swords | 3 | |
| Plating | 3 | |
| Lumber Harvesting | 1 | |
| Animal War Training | 1 | |
| Masonry | 1 | |
| Gunpowder | 1 | |
11 total
» buildings
| Farm | 12 | |
| Lumber Mill | 1 | |
| Barracks | 2 | |
| Altar of Kings | 1 | |
| Scout Tower | 1 | |
| Blacksmith | 1 | |
| Arcane Tower | 1 | |
| Keep | 2 | |
| Arcane Vault | 1 | |
| Castle | 2 | |
| Town Hall | 2 | |
| Workshop | 1 | |
| Halls of the Dead | 1 | |
28 total
» build order
00:20 Farm
00:41 Lumber Mill
01:01 Farm
01:14 Barracks
01:30 Altar of Kings
02:39 Farm
02:42 Scout Tower
02:46 Blacksmith
03:11 Arcane Tower
03:37 Keep
04:31 Farm
04:38 Arcane Vault
06:01 Castle
06:01 Castle
06:17 Barracks
06:20 Farm
06:47 Farm
09:49 Farm
10:12 Farm
11:39 Town Hall
12:04 Farm
15:09 Town Hall
15:17 Farm
17:52 Farm
21:22 Farm
23:02 Workshop
27:00 Halls of the Dead
team 2 (loser)
cbenner66 (
blue | 39 APM | 152 actions | 03:55)
1 Dreadlord
1 Sleep
» actions
| Build / train | 15 | |
| Enter build submenu | 5 | |
| Enter hero's abilities submenu | 1 | |
| Remove unit from queue | 1 | |
| Right click | 64 | |
| Select / deselect | 60 | |
| Use ability | 6 | |
152 total
» units
» buildings
| Altar of Darkness | 1 | |
| Ziggurat | 2 | |
| Crypt | 1 | |
| Graveyard | 1 | |
| Nerubian Tower | 1 | |
| Halls of the Dead | 1 | |
7 total
» build order
00:13 Altar of Darkness
00:22 Ziggurat
00:39 Crypt
01:52 Graveyard
02:17 Ziggurat
02:39 Nerubian Tower
02:58 Halls of the Dead

»
MixilPlix (
yellow | 28 APM | 772 actions | 27:48)
6 Demon Hunter
2 Immolation
3 Evasion
1 Metamorphosis
» actions
| Assign group hotkey | 11 | |
| Basic commands | 1 | |
| Build / train | 64 | |
| Enter build submenu | 17 | |
| Enter hero's abilities submenu | 6 | |
| Give item / drop item | 3 | |
| Right click | 249 | |
| Select / deselect | 204 | |
| Select group hotkey | 159 | |
| Use ability | 58 | |
772 total
» units
| Wisp | 17 | |
| Archer | 7 | |
| Druid of the Claw | 2 | |
| Chimaera | 3 | |
| Dryad | 5 | |
| Hippogryph | 8 | |
42 total
» upgrades
| Druid of the Claw Training | 2 | |
| Abolish Magic | 1 | |
| Corrosive Breath | 1 | |
4 total
» buildings
| Moon Well | 6 | |
| Altar of Elders | 1 | |
| Hunter's Hall | 1 | |
| Ancient of War | 1 | |
| Ancient Protector | 3 | |
| Tree of Ages | 1 | |
| Tree of Eternity | 1 | |
| Ancient of Wind | 1 | |
| Ancient of Lore | 2 | |
| Chimaera Roost | 1 | |
| Ancient of Wonders | 1 | |
19 total
» build order
00:13 Moon Well
00:17 Altar of Elders
01:15 Hunter's Hall
01:57 Moon Well
02:20 Ancient of War
02:32 Ancient Protector
02:57 Ancient Protector
03:12 Ancient Protector
03:24 Moon Well
04:28 Tree of Ages
07:15 Tree of Eternity
07:25 Ancient of Wind
07:38 Ancient of Lore
07:52 Ancient of Lore
09:49 Chimaera Roost
10:15 Moon Well
10:23 Moon Well
12:00 Moon Well
14:09 Ancient of Wonders
» items
| Healing Salve | 2 | |
| Scroll of Town Portal | 2 | |
| Scroll of Speed | 2 | |
| Orb of Venom | 1 | |
| Potion of Healing | 1 | |
| Lesser Clarity Potion | 1 | |
9 total

»
joekickass (
red | 31 APM | 817 actions | 26:34)
4 Priestess of the Moon
1 Scout
2 Trueshot Aura
1 Searing Arrows
1 Dreadlord
1 Carrion Swarm
3 Demon Hunter
2 Mana Burn
1 Evasion
» actions
| Build / train | 79 | |
| Enter build submenu | 24 | |
| Enter hero's abilities submenu | 8 | |
| Give item / drop item | 1 | |
| Right click | 428 | |
| Select / deselect | 229 | |
| Use ability | 48 | |
817 total
» units
| Wisp | 14 | |
| Archer | 8 | |
| Crypt Fiend | 19 | |
| Huntress | 5 | |
| Hippogryph | 10 | |
56 total
» upgrades
| Web | 1 | |
| Creature Attack | 3 | |
| Burrow | 1 | |
| Well Spring | 1 | |
| Creature Carapace | 1 | |
| Strength of the Wild | 1 | |
8 total
» buildings
| Altar of Elders | 1 | |
| Moon Well | 7 | |
| Ancient of War | 1 | |
| Ziggurat | 5 | |
| Hunter's Hall | 1 | |
| Crypt | 1 | |
| Tree of Ages | 2 | |
| Black Citadel | 1 | |
| Ancient of Wind | 1 | |
| Tree of Eternity | 1 | |
| Chimaera Roost | 3 | |
| Tree of Life | 1 | |
25 total
» build order
00:07 Altar of Elders
00:11 Moon Well
01:24 Ancient of War
01:57 Moon Well
02:45 Moon Well
04:16 Ziggurat
05:18 Hunter's Hall
05:32 Ziggurat
05:40 Crypt
06:05 Moon Well
06:11 Moon Well
07:29 Tree of Ages
08:19 Moon Well
09:00 Ziggurat
09:02 Black Citadel
09:07 Ziggurat
09:10 Ziggurat
09:24 Moon Well
09:52 Ancient of Wind
09:54 Tree of Eternity
12:29 Chimaera Roost
12:32 Chimaera Roost
12:35 Chimaera Roost
14:17 Tree of Life
16:46 Tree of Ages

»
pattier (
purple | 43 APM | 1242 actions | 28:56)
5 Blademaster
2 Wind Walk
3 Critical Strike
4 Shadow Hunter
2 Healing Wave
2 Serpent Ward
» actions
| Assign group hotkey | 18 | |
| Build / train | 77 | |
| Enter build submenu | 24 | |
| Enter hero's abilities submenu | 9 | |
| Give item / drop item | 1 | |
| Right click | 626 | |
| Select / deselect | 198 | |
| Select group hotkey | 197 | |
| Use ability | 92 | |
1242 total
» units
| Peon | 11 | |
| Grunt | 12 | |
| Shaman | 6 | |
| Tauren | 3 | |
32 total
» upgrades
| Spiked Barricades | 1 | |
| Melee Weapons | 2 | |
| Armor | 1 | |
| Pillage | 1 | |
| Shaman Training | 2 | |
| Berserker Strength | 1 | |
| Pulverize | 1 | |
| Reinforced Defenses | 1 | |
10 total
» buildings
| Altar of Storms | 1 | |
| Orc Burrow | 7 | |
| War Mill | 1 | |
| Voodoo Lounge | 1 | |
| Barracks | 2 | |
| Watch Tower | 12 | |
| Great Hall | 2 | |
| Stronghold | 1 | |
| Spirit Tower | 6 | |
| Spirit Lodge | 2 | |
| Fortress | 1 | |
| Slaughterhouse | 1 | |
| Tauren Totem | 2 | |
39 total
» build order
01:20 Altar of Storms
01:30 Orc Burrow
02:10 War Mill
02:44 Voodoo Lounge
02:52 Barracks
03:11 Barracks
03:43 Orc Burrow
04:21 Watch Tower
04:52 Watch Tower
05:45 Orc Burrow
06:06 Watch Tower
07:44 Great Hall
08:14 Orc Burrow
08:19 Watch Tower
08:21 Watch Tower
08:24 Watch Tower
08:26 Watch Tower
08:28 Watch Tower
08:29 Watch Tower
08:31 Watch Tower
08:32 Watch Tower
08:34 Watch Tower
09:24 Orc Burrow
10:29 Stronghold
11:32 Spirit Tower
11:34 Spirit Tower
11:35 Spirit Tower
11:37 Spirit Tower
13:43 Spirit Lodge
15:00 Spirit Lodge
15:04 Fortress
15:15 Great Hall
15:29 Slaughterhouse
17:55 Tauren Totem
18:01 Orc Burrow
18:24 Spirit Tower
18:28 Spirit Tower
19:20 Orc Burrow
21:27 Tauren Totem
» items
| Healing Salve | 6 | |
| Scroll of Town Portal | 1 | |
| Lesser Clarity Potion | 3 | |
| Potion of Mana | 4 | |
| Potion of Healing | 1 | |
| Orb of Lightning | 1 | |
16 total
Chat log
(00:07 / All) BACKSTABBER: ron paul sucks
(00:13 / All) bannedfromwcr: agreed
(00:17 / All) BACKSTABBER: what a nut
(00:19 / All) bannedfromwcr: he is bought by big pharma
(00:24 / Allies) RonPaulforPrezz: lol
(00:29 / All) BACKSTABBER: wnats to deregulate everything
(00:36 / All) BACKSTABBER: and recreate the same disaster
(00:41 / All) bannedfromwcr: he wants under god to be a part of the constitution
(00:48 / All) BACKSTABBER: you think we should deregulate banks again??
(00:49 / All) BACKSTABBER: green?
(00:51 / All) RonPaulforPrezz: noooo
(01:02 / All) bannedfromwcr: ron paul wants the 2008 financial crisis all over again
(01:03 / All) BACKSTABBER: so....
(01:07 / All) BACKSTABBER: exactly
(01:20 / All) BACKSTABBER: he's got good social policy
(01:22 / All) RonPaulforPrezz: i dont have time to educate you
(01:24 / All) BACKSTABBER: CRAZY ECONOMIC POLIOCY
(01:47 / All) RonPaulforPrezz: who is better?
(01:49 / All) bannedfromwcr: ron paul thinks occupy wallstreet should be rounded up and executed by a private s3ecurity foruce
(01:58 / All) RonPaulforPrezz: i do too
(02:01 / All) BACKSTABBER: yeah ron paul is terrible
(02:03 / All) RonPaulforPrezz: they r scum
(02:05 / All) BACKSTABBER: obama is trying to fix shit
(02:09 / All) BACKSTABBER: but we have a shitty congress
(02:12 / All) BACKSTABBER: not obama's fault
(02:28 / All) BACKSTABBER: why is occupy wallstreet scum?
(02:40 / All) RonPaulforPrezz: because they dont understand anything
(02:43 / Allies) bannedfromwcr: ron paul made his fortune suiing retiree funds
(02:49 / Allies) bannedfromwcr: he bankrupted a pension plan
(02:52 / Allies) bannedfromwcr: in hsi private practice
(02:57 / All) BACKSTABBER: you a tea partier green?
(03:01 / Allies) bannedfromwcr: no
(03:06 / Allies) bannedfromwcr: oh im orange
(03:12 / All) BACKSTABBER: green
(03:21 / All) RonPaulforPrezz: ?
(03:29 / All) RonPaulforPrezz: lol
(03:31 / All) RonPaulforPrezz: no
(03:54 / All) BACKSTABBER: do you hate them?
(03:54 / Allies) bannedfromwcr: ron paul is for republicans who feel ashamed to be republicans after goerge bush era
(03:55 / Allies) bannedfromwcr: who wants his taxes to go up
(03:56 / All) BACKSTABBER: You?
(04:00 / All) RonPaulforPrezz: 23
(04:04 / Allies) bannedfromwcr: im a 36 year old political science professor
(04:07 / All) BACKSTABBER: older and dumber
(04:17 / Allies) BACKSTABBER: not you orange
(04:51 / Allies) bannedfromwcr: ron paul thinks raped women should be forced to marry their rapists
(04:58 / Allies) bannedfromwcr: hes a wahacked out bilbe thimper
(05:04 / All) BACKSTABBER: yeah
(05:04 / All) BACKSTABBER: lol
(05:07 / All) BACKSTABBER: he's a whackjob
(05:13 / All) RonPaulforPrezz: you all are full of shit
(05:16 / All) RonPaulforPrezz: lies
(05:21 / All) BACKSTABBER: ...
(05:24 / Allies) bannedfromwcr: u cant silence the truth
(05:27 / All) BACKSTABBER: why you like him?
(05:39 / All) BACKSTABBER: ??
(05:41 / All) RonPaulforPrezz: i told you....
(05:41 / Allies) bannedfromwcr: ron paul wishes john mccains salary was higher
(05:43 / All) RonPaulforPrezz: u are lost
(05:49 / All) RonPaulforPrezz: an unfortunate
(05:50 / Allies) bannedfromwcr: he thinks presidiential salaries should be deregulated
(05:55 / All) BACKSTABBER: what do you like about ron paul?
(05:55 / All) RonPaulforPrezz: i dont have time to educate you
(06:02 / All) BACKSTABBER: oh nice
(06:05 / Allies) bannedfromwcr: hes a wingnute thats what he likes about him
(06:05 / All) BACKSTABBER: excuse
(06:10 / Allies) bannedfromwcr: he just wants to choose a wingnut option
(06:14 / All) RonPaulforPrezz: back
(06:19 / All) RonPaulforPrezz: who do u like?
(06:20 / Allies) bannedfromwcr: hes probably addicted to drugs
(06:29 / Allies) bannedfromwcr: gary johnson 2012
(06:30 / All) BACKSTABBER: obama
(06:36 / Allies) bannedfromwcr: obama as VP
(06:40 / All) BACKSTABBER: and a whole new congress
(06:59 / All) RonPaulforPrezz: someone help us
(07:03 / All) BACKSTABBER: you rich green?
(07:11 / All) BACKSTABBER: ?
(07:16 / All) RonPaulforPrezz: lol
(07:21 / All) BACKSTABBER: are you?
(07:23 / All) RonPaulforPrezz: is that why u support obama?
(07:25 / Allies) bannedfromwcr: ronpaullforprezz do some math for me
(07:27 / All) RonPaulforPrezz: ur poor?
(07:31 / Allies) bannedfromwcr: enron + ron pauls dregulation =????
(07:37 / All) BACKSTABBER: no
(07:46 / All) BACKSTABBER: middle clas
(07:58 / All) BACKSTABBER: i mean
(07:59 / All) RonPaulforPrezz: its a world view
(08:01 / All) BACKSTABBER: im a poor college student
(08:05 / All) RonPaulforPrezz: u need to open ur eyes
(08:09 / All) BACKSTABBER: but my family is middle class
(08:11 / All) RonPaulforPrezz: educate your self
(08:11 / Allies) bannedfromwcr: enron + ron paul = dream team of raping the lower classes
(08:21 / All) RonPaulforPrezz: do u believe in god?
(08:22 / All) BACKSTABBER: i do educate myself
(08:30 / All) BACKSTABBER: define: god
(08:38 / All) RonPaulforPrezz: you know what i mean
(08:42 / All) BACKSTABBER: then no
(08:45 / All) RonPaulforPrezz: dont play that word game
(08:47 / All) BACKSTABBER: a magical person in the sky?
(08:49 / All) BACKSTABBER: no
(08:51 / All) RonPaulforPrezz: yeah
(08:53 / All) BACKSTABBER: definitely not
(08:54 / All) RonPaulforPrezz: jesus christ
(08:57 / Allies) bannedfromwcr: ron paul believes what an old book of lies told him
(08:57 / All) BACKSTABBER: HAhaha
(08:58 / All) BACKSTABBER: no
(09:04 / Allies) bannedfromwcr: he thinks rape victims asked for it
(09:04 / All) RonPaulforPrezz: ok well thats a stary
(09:18 / All) BACKSTABBER: he wants to let people die if they cant afford insurance
(09:19 / Allies) bannedfromwcr: look at his base
(09:27 / Allies) bannedfromwcr: he manages it about as well as ron paul manages his personal affairs
(09:31 / Allies) bannedfromwcr: ron paul raped his wife
(09:41 / Allies) bannedfromwcr: hes not even playing
(09:43 / Allies) bannedfromwcr: just like ron paul
(09:44 / All) BACKSTABBER: ron paul sucks
(09:45 / Allies) bannedfromwcr: just throwing eggs
(09:49 / All) BACKSTABBER: lol
(09:51 / All) BACKSTABBER: yeah
(10:13 / Allies) BACKSTABBER: lets hit
(10:19 / Allies) bannedfromwcr: i just started macking my chims
(11:01 / All) BACKSTABBER: ron paul for noone
(11:14 / Allies) bannedfromwcr: our coutnry under ron paul = greens base under his control
(11:20 / Allies) bannedfromwcr: 4 miners, and some shitty tier 1
(11:22 / Allies) bannedfromwcr: thirty minutes in
(11:27 / Allies) BACKSTABBER: lol
(11:28 / Allies) BACKSTABBER: yeah
(11:57 / All) RonPaulforPrezz: our country + you two (and all the other sheep)= death
(12:01 / Allies) BACKSTABBER: meet
(12:07 / All) BACKSTABBER: what?
(12:10 / All) BACKSTABBER: doesn't make sense
(12:29 / Allies) bannedfromwcr: you ron paul fans grew up fat and sassy on oil wealth
(12:35 / Allies) bannedfromwcr: and now u dont want to pay to control oil around th world
(12:43 / Allies) bannedfromwcr: u think u could eat ice cream bars watch naruto and play internet without oil?
(12:45 / All) RonPaulforPrezz: lol
(12:51 / All) RonPaulforPrezz: omfg
(12:57 / All) RonPaulforPrezz: dude sut up
(13:01 / All) RonPaulforPrezz: shut*
(13:18 / Allies) BACKSTABBER: meet
(13:24 / Allies) bannedfromwcr: im going in
(13:27 / Allies) BACKSTABBER: main
(13:28 / Allies) BACKSTABBER: main
(13:30 / Allies) BACKSTABBER: fast
(13:31 / Allies) BACKSTABBER: then out
(13:52 / Allies) BACKSTABBER: out
(14:00 / Allies) BACKSTABBER: GOD DAMMIT GREEN
(14:02 / Allies) BACKSTABBER: UPGRADE UNITS
(14:04 / Allies) BACKSTABBER: YOU RETARD
(14:08 / All) RonPaulforPrezz: no
(14:13 / Allies) BACKSTABBER: thanks orange
(14:18 / Allies) BACKSTABBER: you are so bad green
(14:22 / Allies) BACKSTABBER: no wonder you like ron paul
(14:28 / Allies) BACKSTABBER: you have a bad brain
(14:34 / Allies) BACKSTABBER: go ahead
(14:36 / Allies) bannedfromwcr: hes just a 420 weedhead
(14:38 / Allies) BACKSTABBER: jump on the RP bandwagon
(14:40 / Allies) bannedfromwcr: he doesnt care about politics
(14:44 / Allies) BACKSTABBER: yeah
(14:44 / Allies) BACKSTABBER: lol
(15:34 / Allies) bannedfromwcr: heal pls
(15:36 / All) RonPaulforPrezz: lol
(15:41 / Allies) BACKSTABBER: nice
(15:46 / Allies) BACKSTABBER: this is what ron paul does
(15:50 / Allies) BACKSTABBER: fuck his country
(16:01 / All) RonPaulforPrezz: die scum
(16:03 / Allies) bannedfromwcr: lets fight top
(16:16 / Allies) BACKSTABBER: orange
(16:17 / Allies) BACKSTABBER: come
(16:18 / Allies) BACKSTABBER: dammit
(16:48 / Allies) BACKSTABBER: wow orange
(16:49 / Allies) BACKSTABBER: wtf
(17:18 / Allies) BACKSTABBER: kill his base fast
(17:20 / Allies) BACKSTABBER: then lets finish this
(17:24 / All) RonPaulforPrezz: alalallalalala
(17:26 / All) RonPaulforPrezz: lol
(17:29 / Allies) BACKSTABBER: leave green
(17:31 / Allies) BACKSTABBER: nobody likes you
(17:31 / All) RonPaulforPrezz: i turn on my team
(17:33 / All) RonPaulforPrezz: hehehehehe
(17:35 / Allies) BACKSTABBER: not even ron pul
(17:38 / Allies) BACKSTABBER: yeah
(18:05 / Allies) BACKSTABBER: wait up
(18:21 / Allies) BACKSTABBER: green leave
(18:31 / All) BACKSTABBER: green is so stupid
(18:32 / All) BACKSTABBER: lol
(18:43 / Allies) bannedfromwcr: we neeed aa
(18:59 / Allies) BACKSTABBER: get the mains
(19:00 / Allies) BACKSTABBER: fast
(19:03 / Allies) bannedfromwcr: we need aa
(19:04 / Allies) BACKSTABBER: get more fiends
(19:07 / Allies) BACKSTABBER: i'll tp theknight
(19:14 / Allies) BACKSTABBER: back up
(19:14 / Allies) BACKSTABBER: back
(19:15 / Allies) BACKSTABBER: back
(19:16 / Allies) BACKSTABBER: back
(19:27 / Allies) bannedfromwcr: tp all
(19:31 / Allies) BACKSTABBER: no tp
(19:36 / Allies) BACKSTABBER: back up
(19:51 / Allies) BACKSTABBER: bACK THE FUCK UP
(20:08 / Allies) BACKSTABBER: swithc to aa orange
(20:09 / Allies) bannedfromwcr: their top 2 guys are out of workers
(20:33 / Allies) bannedfromwcr: dotn let ur hero die
(20:33 / Allies) bannedfromwcr: u might get riveve
(21:06 / Allies) BACKSTABBER: meet now
(21:07 / Allies) BACKSTABBER: hit
(21:11 / Allies) BACKSTABBER: bring units
(21:36 / Allies) BACKSTABBER: WE NEED TO HIT
(21:41 / Allies) bannedfromwcr: so why follow mode
(21:57 / Allies) BACKSTABBER: i got heal
(21:58 / Allies) BACKSTABBER: for you
(22:15 / Allies) bannedfromwcr: tp out if it gets rough
(22:26 / Allies) bannedfromwcr: i gave u my tp
(22:33 / Allies) BACKSTABBER: b
(22:47 / Allies) BACKSTABBER: controlteal
(23:28 / Allies) BACKSTABBER: meet and hit
(24:00 / Allies) BACKSTABBER: help
(24:06 / Allies) bannedfromwcr: use shielld
(24:08 / Allies) bannedfromwcr: u can use ur ult
(24:47 / All) bannedfromwcr: LOL
(24:49 / Allies) BACKSTABBER: control them
(24:50 / Allies) BACKSTABBER: both
(24:57 / All) bannedfromwcr: noob boy bowed out late in the primary
(25:00 / All) bannedfromwcr: he knew his run was a joke
(25:09 / Allies) BACKSTABBER: SPEND GREEN GOLD
(25:21 / Allies) BACKSTABBER: NOW
(25:34 / All) BACKSTABBER: just leave please
(26:02 / Allies) BACKSTABBER: COME ALL
(26:25 / All) bannedfromwcr: they have no expos or armies
(26:29 / All) bannedfromwcr: they know theyre beat
(26:33 / Allies) BACKSTABBER: they have som units
(26:37 / Allies) bannedfromwcr: nah
(26:41 / Allies) bannedfromwcr: theyre ate like 50 food total
(26:47 / All) bannedfromwcr: and its all unmounts
(27:40 / All) BACKSTABBER: just leave already
(27:42 / All) BACKSTABBER: you suck
(27:47 / All) bannedfromwcr: u lost 5v3
(27:54 / All) bannedfromwcr: weed boy tried to bs us
(28:00 / All) BACKSTABBER: yeah
(28:01 / All) BACKSTABBER: lol